 Dungeon Crawl Stone Soup version 0.25-b1-41-g19641232cd (webtiles) character file.

Game seed: 7599687532456975887

36229 Doot the Thaumaturge (level 13, -1/76 HPs)
             Began as an Octopode Earth Elementalist on June 8, 2020.
             Was a High Priest of Vehumet.
             Slain by a polar bear (5 damage)
             ... on level 2 of the Lair of Beasts.
             The game lasted 00:57:14 (24786 turns).

Doot the Thaumaturge (Octopode Earth Elementalist) Turns: 24786, Time: 00:57:15

Health: -1/76      AC:  2    Str:  8    XL:     13   Next: 88%
Magic:  0/29       EV: 15    Int: 21    God:    Vehumet [*****.]
Gold:   813        SH:  9    Dex: 19    Spells: 0/36 levels left

rFire    . . .     SeeInvis .   b - staff of conjuration
rCold    . . .     Gourm    .   N - +0 buckler
rNeg     . . .     Faith    .   J - +1 hat {MR+}
rPois    .         Spirit   .   K - amulet of reflection
rElec    .         Reflect  +   f - +6 ring of dexterity
rCorr    +         Harm     .   u - ring of resist corrosion
MR       +....                  D - ring of stealth
Stlth    +++++++...             (no ring)
HPRegen  0.22/turn              (no ring)
MPRegen  0.21/turn              (no ring)
                                (no ring)
                                (no ring)

@: slightly contaminated
A: almost no armour, stealthy swim, amphibious, 8 rings, constrict 8, camouflage
1, gelatinous body 1
a: Renounce Religion


You were on level 2 of the Lair of Beasts.
You worshipped Vehumet.
Vehumet was extremely pleased with you.
You were hungry.

You visited 4 branches of the dungeon, and saw 17 of its levels.

You collected 1218 gold pieces.
You spent 405 gold pieces at shops.

Inventory:

Hand Weapons
 a - a +2 dagger of venom
 g - a +0 dagger
 C - a +1 dagger of protection
Missiles
 n - 121 stones (quivered)
Armour
 J - a +1 hat of magic resistance (worn)
 N - a +0 buckler (worn)
Magical Staves
 b - an uncursed staff of conjuration (weapon)
Jewellery
 f - a +6 ring of dexterity (left tentacle)
 u - a ring of resist corrosion (right tentacle)
 D - a ring of stealth (on tentacle)
 K - an amulet of reflection (around mantle)
 M - an uncursed ring of fire
Wands
 q - a wand of enslavement (13)
 w - a wand of random effects (38)
 F - a wand of acid (10)
 L - a wand of paralysis (22)
 S - a wand of polymorph (7)
Scrolls
 e - a scroll of identify
 h - 8 scrolls of teleportation
 i - 3 scrolls of magic mapping
 l - a scroll of enchant armour {unknown}
 r - 3 scrolls of remove curse
 v - a scroll of torment {unknown}
 y - a scroll of random uselessness {unknown}
 E - 2 scrolls of enchant weapon
 H - 3 scrolls of fear
 I - 4 scrolls of blinking
 O - a scroll of fog {unknown}
 Q - a scroll of amnesia {unknown}
Potions
 d - a potion of resistance {unknown}
 j - 2 potions of berserk rage
 k - a potion of brilliance {unknown}
 m - 2 potions of might
 o - 6 potions of curing
 p - 5 potions of stabbing
 s - 2 potions of mutation
 t - a potion of invisibility {unknown}
 x - a potion of lignification
 z - 2 potions of heal wounds
 A - a potion of cancellation {unknown}
 B - 5 potions of flight
 G - a potion of degeneration {unknown}
 P - 2 potions of magic {unknown}
Comestibles
 c - 27 rations
 R - 5 chunks of flesh


   Skills:
 + Level 2.5 Fighting
 + Level 4.1 Short Blades
 + Level 0.1 Staves
 + Level 4.4 Dodging
 + Level 12.1 Stealth
 * Level 12.2 Spellcasting
 + Level 10.8 Conjurations
 + Level 3.3 Transmutations
 + Level 0.5 Fire Magic
 + Level 0.6 Air Magic
 + Level 11.8 Earth Magic
 + Level 0.7 Poison Magic


You couldn't memorise any spells.
You knew the following spells:

 Your Spells              Type           Power        Failure   Level  Hunger
a - Sandblast             Erth           ######       1%          1    None
b - Stone Arrow           Conj/Erth      ######       1%          3    None
c - Lee's Rapid Deconstr  Erth           ######....   1%          5    ####...
d - Petrify               Tmut/Erth      #####...     3%          4    None
e - Mephitic Cloud        Conj/Pois/Air  #####...     1%          3    None
f - Yara's Violent Unrav  Hex/Tmut       ###.......   30%         5    ####...
g - Corona                Hex            ##.....      9%          1    None
h - Starburst             Conj/Fire      ######....   30%         6    #####..
i - Animate Skeleton      Necr           N/A          9%          1    None
j - Spellforged Servitor  Conj/Summ      ######....   86%         7    #######

Your spell library contained the following spells:

 Spells                   Type           Power        Failure   Level  Hunger
 Passwall                 Tmut/Erth      #####...     1%          2    None
 Inner Flame              Hex/Fire       ##......     6%          3    None
 Leda's Liquefaction      Hex/Erth       #####.....   8%          4    None
 Infusion                 Chrm           ##..         9%          1    None
 Pain                     Necr           ##..         9%          1    None
 Shroud of Golubria       Chrm/Tloc      ##....       13%         2    None
 Slow                     Hex            ##......     13%         2    None
 Song of Slaying          Chrm           ##......     13%         2    None
 Ozocubu's Armour         Chrm/Ice       ##......     26%         3    None
 Portal Projectile        Hex/Tloc       ##....       26%         3    None
 Spectral Weapon          Hex/Chrm       ##......     26%         3    None
 Vampiric Draining        Necr           ##........   26%         3    None
 Animate Dead             Necr           N/A          63%         4    None
 Cause Fear               Hex            ##........   65%         4    None
 Agony                    Necr           ##......     93%         5    ####...


Dungeon Overview and Level Annotations

Branches:
Dungeon (12/15)            Temple (1/1) D:6            Lair (2/6) D:9
    Orc (2/2) D:12            Elf (0/3) Orc:2
  Swamp: Lair:2-4    Shoals: Lair:2-4     Snake: Lair:2-4    Spider: Lair:2-4

Altars:
Ashenzari
Dithmenos
Gozag
Nemelex Xobeh
Okawaru
Sif Muna
Trog
Vehumet
Yredelemnul
The Shining One
Beogh

Shops:
D:6 !![%*   Orc:2 %(?*

Annotations:
D:2 1 runed translucent door, Crazy Yiuf


Innate Abilities, Weirdness & Mutations

You cannot wear most types of armour.
You are very stealthy in the water. (Stealth+)
You are amphibious.
You can wear up to eight rings at the same time.
You can use your tentacles to constrict eight enemies at once.
Your skin changes colour to match your surroundings (Stealth+).
Your rubbery body absorbs attacks. (AC +1, EV +1)


Message History

You feel a surge of power!
You miscast Starburst.
You are lightly contaminated with residual magic.
You are caught in a fiery explosion!
* * * LOW HITPOINT WARNING * * *
You are feeling hungry.
The polar bear misses you. The polar bear claws you.
* * * LOW HITPOINT WARNING * * *
The polar bear claws you.
* * * LOW HITPOINT WARNING * * *
Casting: Starburst (quite dangerous; 30% risk of failure)
Confirm with . or Enter, or press ? or * to list all spells.
Aiming: Stone Arrow (safe; 1% risk of failure)
Press: ? - help, Shift-Dir - straight line, f/p - polar bear
Aim: a polar bear (severely wounded, berserk)
You feel a surge of power!
The stone arrow hits the polar bear!!
The polar bear is almost dead.
The polar bear bites you!
* * * LOW HITPOINT WARNING * * *
The polar bear closely misses you. The polar bear claws you.
You die...

.##.###. ##.P #####...
.. ... P## #.. #P..# .)#
... .. #.P# ##.## .$#
.P# .. ... ##..# ##.##
.## #..#.
.##..(.#####.....###...#
......................##
#........##P#.##P##.##
#...h@...## ###..P#
#P........# ##.##
#........## #..#
##.......## ##.##
#........## ######..#
#.......P.###..##..##
....................#
###.###...#P######.#.#
## ####### #####


You could see a polar bear (berserk).

Vanquished Creatures
  Gastronok (D:9)
  An ettin (Orc:2)
  2 hydras
  A death knight (D:12)
  5 two-headed ogres
  3 orc high priests (Orc:2)
  Sonja (Lair:1)
  An unseen horror (D:12)
  Pikel (D:4)
  4 orc knights
  An ugly thing (D:12)
  6 orc sorcerers
  2 cyclopes
  Joseph (D:7)
  2 gargoyles
  3 centaur skeletons
  A rime drake (Lair:2)
  5 spiny frogs
  2 komodo dragons (Lair:1)
  A freezing wraith (D:12)
  3 trolls
  2 polar bears (Lair:2)
  6 hornets
  3 hippogriffs
  22 yaks
  2 wyverns
  A basilisk (Lair:1)
  3 wargs
  2 water moccasins
  A soldier ant (D:9)
  Duvessa (D:6)
  3 porcupines
  4 slaves
  2 necrophages
  16 orc warriors
  3 ice beasts
  10 ogres
  4 wolves (Lair:1)
  3 crocodiles (Lair:1)
  12 centaurs
  6 bullfrogs
  3 big kobolds
  Dowan (D:6)
  A wyvern skeleton (D:8)
  3 scorpions
  7 killer bees
  5 wights (D:8)
  A bullfrog zombie (D:7)
  7 crimson imps
  A centaur zombie (D:11)
  4 jellies
  14 orc priests
  5 hounds
  22 orc wizards
  2 bullfrog skeletons
  A gnoll shaman (D:5)
  6 iguanas
  11 worker ants
  A hound zombie (D:7)
  3 hound skeletons
  A worker ant zombie (D:10)
  14 gnolls
  14 adders
  3 shadow imps
  4 worms
  4 dart slugs
  5 leopard geckos
  53 orcs
  2 ball pythons
  6 giant cockroaches
  16 goblins
  7 hobgoblins
  14 jackals
  14 kobolds
  9 quokkas
  10 bats
  4 frilled lizards
  2 leopard gecko skeletons
  A leopard gecko zombie (D:8)
  2 quokka skeletons
  7 rats
  A spectral orc (D:3)
444 creatures vanquished.

Vanquished Creatures (collateral kills)
  2 polar bears (Lair:2)
  2 yaks (Lair:2)
  A wyvern (Lair:1)
  A fungus (Lair:1)
6 creatures vanquished.

Vanquished Creatures (others)
  An orc priest (Orc:2)
  3 bushes (Lair:1)
  5 fungi (Lair:1)
  11 plants
20 creatures vanquished.

Grand Total: 470 creatures vanquished

Notes
Turn   | Place    | Note
-------+----------+-------------------------------------------
     0 | D:1      | Doot the Octopode Earth Elementalist began the quest for
                  | the Orb.
     0 | D:1      | Reached XP level 1. HP: 11/11 MP: 3/3
   225 | D:1      | Reached XP level 2. HP: 17/17 MP: 1/5
   749 | D:1      | Reached XP level 3. HP: 21/21 MP: 2/6
   758 | D:1      | Learned a level 3 spell: Stone Arrow
  1867 | D:2      | Reached XP level 4. HP: 14/27 MP: 2/8
  2138 | D:2      | Found an opulent altar of Gozag.
  2255 | D:2      | Found a glowing golden altar of the Shining One.
  2689 | D:2      | Found a radiant altar of Vehumet.
  2706 | D:2      | Became a worshipper of Vehumet
  2773 | D:2      | Found a runed translucent door.
  2793 | D:2      | Noticed Crazy Yiuf
  3205 | D:3      | Found a faded altar of an unknown god.
  3712 | D:3      | Reached XP level 5. HP: 31/31 MP: 9/9
  3725 | D:3      | Learned a level 5 spell: Lee's Rapid Deconstruction
  3745 | D:3      | Found a basalt altar of Yredelemnul.
  4471 | D:4      | Noticed a slave
  4678 | D:4      | Reached * piety under Vehumet
  4678 | D:4      | Offered knowledge of Shock by Vehumet.
  4968 | D:4      | Found a bloodstained altar of Trog.
  4969 | D:4      | You fall into a shaft and drop 2 floors!
  4969 | D:6      | Found Veat's Food Boutique.
  4970 | D:6      | Noticed Duvessa
  4970 | D:6      | Noticed Dowan
  4970 | D:6      | Found Vudum's General Store.
  4973 | D:6      | Found a shattered altar of Ashenzari.
  5016 | D:5      | Entered Level 5 of the Dungeon
  5022 | D:5      | Reached skill level 1 in Conjurations
  5022 | D:5      | Reached XP level 6. HP: 37/37 MP: 11/11
  5232 | D:5      | Reached skill level 1 in Short Blades
  5232 | D:5      | Reached skill level 5 in Stealth
  5701 | D:5      | Found a sparkling altar of Nemelex Xobeh.
  5705 | D:5      | Reached XP level 7. HP: 42/42 MP: 12/12
  5748 | D:5      | Found a shattered altar of Ashenzari.
  5933 | D:4      | Noticed Pikel
  6103 | D:4      | Killed Pikel
  6103 | D:4      | Reached skill level 1 in Fighting
  6103 | D:4      | Reached XP level 8. HP: 10/48 MP: 5/14
  6758 | D:7      | Noticed Joseph
  6811 | D:6      | Found a staircase to the Ecumenical Temple.
  6831 | Temple   | Entered the Ecumenical Temple
  6839 | D:6      | Found Ohysuol's Distillery.
  7097 | D:6      | Found an iron altar of Okawaru.
  7166 | D:6      | Reached ** piety under Vehumet
  7245 | D:7      | Reached skill level 5 in Earth Magic
  7421 | D:7      | Learned a level 4 spell: Petrify
  7429 | D:7      | Offered knowledge of Freeze by Vehumet.
  7727 | D:7      | Killed Joseph
  7727 | D:7      | Reached XP level 9. HP: 54/54 MP: 11/16
  7811 | D:7      | Reached skill level 5 in Spellcasting
  7997 | D:7      | Found a bloodstained altar of Trog.
  8530 | D:8      | Reached skill level 5 in Conjurations
  8579 | D:8      | Offered knowledge of Static Discharge by Vehumet.
  9126 | D:8      | Noticed a hornet
  9134 | D:8      | Killed a hornet
  9586 | D:9      | Noticed Gastronok
  9614 | D:9      | Killed Gastronok
  9614 | D:9      | Reached skill level 10 in Stealth
  9614 | D:9      | Reached XP level 10. HP: 9/60 MP: 3/20
  9955 | D:9      | Noticed a two-headed ogre
  9974 | D:9      | Killed a two-headed ogre
 10157 | D:9      | Found a staircase to the Lair.
 10203 | D:9      | Noticed a two-headed ogre
 10211 | D:9      | Killed a two-headed ogre
 10350 | D:9      | Reached *** piety under Vehumet
 10677 | D:6      | Found a shimmering blue altar of Sif Muna.
 10727 | D:6      | Killed Duvessa
 10861 | D:6      | Killed Dowan
 10878 | D:6      | Reached XP level 11. HP: 64/64 MP: 10/22
 11043 | D:6      | Found Woeklaho's Distillery.
 11066 | D:6      | Found Neofa's Antique Armour Shop.
 11596 | D:9      | Found a shadowy altar of Dithmenos.
 11915 | D:9      | Paralysed by a hornet for 3 turns
 12263 | D:10     | Entered Level 10 of the Dungeon
 12665 | D:10     | Offered knowledge of Mephitic Cloud by Vehumet.
 12674 | D:10     | Learned a level 3 spell: Mephitic Cloud
 13692 | D:11     | Noticed a two-headed ogre
 13809 | D:11     | Killed a two-headed ogre
 13813 | D:11     | Noticed a two-headed ogre
 13825 | D:11     | Killed a two-headed ogre
 13998 | D:11     | Reached **** piety under Vehumet
 14035 | D:11     | Noticed a five-headed hydra
 14649 | D:11     | Offered knowledge of Yara's Violent Unravelling by Vehumet.
 14687 | D:11     | Learned a level 5 spell: Yara's Violent Unravelling
 14914 | D:12     | Reached XP level 12. HP: 70/70 MP: 9/25
 15226 | D:12     | Noticed a two-headed ogre
 15263 | D:12     | Killed a two-headed ogre
 15263 | D:12     | Reached skill level 10 in Earth Magic
 15271 | D:12     | Reached skill level 10 in Spellcasting
 15314 | D:12     | Found a staircase to the Orcish Mines.
 15383 | D:12     | Learned a level 1 spell: Corona
 15858 | D:12     | Noticed a death knight
 16236 | D:12     | Killed a death knight
 16548 | Orc:1    | Entered Level 1 of the Orcish Mines
 17235 | Orc:1    | Reached ***** piety under Vehumet
 17466 | Orc:1    | Offered knowledge of Starburst by Vehumet.
 17474 | Orc:1    | Learned a level 6 spell: Starburst
 17703 | Orc:2    | Entered Level 2 of the Orcish Mines
 18139 | Orc:2    | Noticed an ettin
 18360 | Orc:2    | Killed an ettin
 18406 | Orc:2    | Found a staircase to the Elven Halls.
 18911 | Orc:2    | Found a roughly hewn altar of Beogh.
 19109 | Orc:2    | Noticed an orc high priest
 19159 | Orc:2    | Killed an orc high priest
 19159 | Orc:2    | Reached skill level 10 in Conjurations
 19159 | Orc:2    | Reached XP level 13. HP: 45/76 MP: 4/28
 19672 | Orc:1    | Found a bloodstained altar of Trog.
 21230 | Orc:2    | Found Zaeseega's Food Shoppe.
 21230 | Orc:2    | Found Koexac's Assorted Antiques.
 21237 | Orc:2    | Found Qefi's Magic Scroll Boutique.
 21237 | Orc:2    | Found Cody's Weapon Shoppe.
 21258 | Orc:2    | Bought a scroll of blinking for 127 gold pieces
 21258 | Orc:2    | Bought a scroll of teleportation for 51 gold pieces
 21258 | Orc:2    | Bought a scroll of teleportation for 51 gold pieces
 21258 | Orc:2    | Bought a scroll of blinking for 127 gold pieces
 21261 | Orc:2    | Bought an orange potion for 23 gold pieces
 21261 | Orc:2    | Bought a scroll labeled ZAVADY KOITU for 26 gold pieces
 21441 | Lair:1   | Entered Level 1 of the Lair of Beasts
 21545 | Lair:1   | Noticed Sonja
 22525 | Lair:1   | HP: 1/76 [wolf (3)]
 22826 | Lair:1   | Learned a level 1 spell: Animate Skeleton
 22981 | Lair:1   | Offered knowledge of Spellforged Servitor by Vehumet.
 23349 | Lair:1   | Killed Sonja
 24103 | Lair:2   | Learned a level 7 spell: Spellforged Servitor
 24786 | Lair:2   | Slain by a polar bear

Illustrated notes

Levels and vault maps discovered:
D:1:      dpeg_arrival_yet_another_circle, layout_basic
D:2:      layout_basic, marbit_many_paths, nicolae_overflow_hidden_temple,
          nicolae_overflow_crystal_walls, minmay_tromino_v2,
          uniq_crazy_yiuf_cottage
D:3:      layout_loops_corners, yredelemnul_forgotten_temple_becter,
          chequers_ecumenical_altar_twisty, serial_bayou_ford_a
D:4:      layout_basic, first_ration, corexii_shack, trog_book, uniq_pikel
D:5:      layout_basic, nemelex_xobeh_ov_fountains_minmay, kennysheep_mini_moat
D:6:      layout_basic, lemuel_blue_sif_altar, okawaru_metal_pillars_1_2,
          minmay_temple_entry_sparse_star, serial_shops, shop,
          nicolae_shop_statue_plus, kennysheep_mini, shop,
          nicolae_shop_temple_entry_statues_fountains, ashenzari_altar_1,
          uniq_duvessa
D:7:      layout_cave_pools, basic_altar, uniq_joseph
D:8:      layout_loops_ring
D:9:      layout_basic, grunt_dithmenos_shadows, lair_entry_dummy,
          hangedman_pestilent_swarm, uniq_gastronok
D:10:     layout_basic, kennysheep_small_spiral
D:11:     layout_rooms, serial_shops, shop, zaba_antful_of_joy
D:12:     layout_irregular_city, orc_0_dummy, kennysheep_generic_room_14
Temple:   minmay_temple_bridge_abc
Lair:1:   layout_loops_ring, grunt_forest_large_clearing_hut, uniq_sonja
Lair:2:   layout_small_grid, chequers_serial_rivers_micro_e,
          cheibrodos_lair_lostbears, grunt_megastairs_3, lemuel_fruit_tree
Orc:1:    layout_caves, statue_in_the_mist_lemuel, trog_butcher_becter
Orc:2:    grunt_orc_tribal_feast, layout_diamond_mine, basic_altar

Skill      XL: |  1  2  3  4  5  6  7  8  9 10 11 12 13 |
---------------+----------------------------------------+-----
Stealth        | 3 4 6 8 9 10 11 12 | 12.1
Spellcasting   | 3 4 7 9 11 12 | 12.2
Earth Magic    | 4 5 7 8 9 11 | 11.8
Conjurations   | 1 2 3 4 6 7 8 10 | 10.8
Short Blades   | 1 2 3 4 |  4.1
Fighting       | 1 2 |  2.5
Dodging        | 3 4 |  4.4
Transmutations | 2 3 |  3.3
Staves         | |  0.1
Fire Magic     | |  0.5
Air Magic      | |  0.6
Poison Magic   | |  0.7

Action                   |  1- 3 |  4- 6 |  7- 9 | 10-12 | 13-15 || total
-------------------------+-------+-------+-------+-------+-------++-------
Melee: Unarmed           |     6 |       |       |       |       ||     6
       Constrict         |    10 |    24 |    22 |    12 |     7 ||    75
       Tentacles         |     4 |    12 |    17 |     9 |     7 ||    49
       Dagger            |    23 |    64 |    74 |    68 |    19 ||   248
       Staff             |       |       |       |       |     6 ||     6
 Cast: Sandblast         |    36 |    20 |    15 |    86 |    10 ||   167
       Stone Arrow       |     6 |    16 |    70 |   165 |   104 ||   361
       Petrify           |       |       |       |    36 |    24 ||    60
       Lee's Rapid Decon |       |       |       |    51 |    19 ||    70
       Mephitic Cloud    |       |       |       |     9 |    10 ||    19
       Starburst         |       |       |       |     1 |     2 ||     3
       Animate Skeleton  |       |       |       |       |     7 ||     7
  Use: Scroll            |       |       |       |    12 |     2 ||    14
       Potion            |       |       |       |     4 |     1 ||     5
 Stab: Sleeping          |     4 |    17 |    17 |     5 |     2 ||    45
       Distracted        |       |     1 |       |       |       ||     1
       Petrified         |       |       |       |    19 |    13 ||    32
       Petrifying        |       |       |       |     3 |       ||     3
       Confused          |       |       |       |       |     1 ||     1
  Eat: Chunk             |     4 |    14 |    15 |    38 |    19 ||    90
       Ration            |       |       |       |     1 |     1 ||     2
Armor: Skin              |     2 |     3 |     3 |    14 |     1 ||    23
Dodge: Dodged            |    14 |    24 |    71 |    78 |    37 ||   224
Block: Other             |       |       |       |    17 |    10 ||    27
       Reflection        |       |       |       |     3 |       ||     3
       Buckler           |       |       |       |       |     6 ||     6
